 Dungeon Crawl Stone Soup version 0.17.1-1-g73c8601 (webtiles) character file.

88 lucasterio the Cudgeler (level 4, -2/35 HPs)
             Began as a Demonspawn Berserker on Dec 18, 2015.
             Was a Believer of Trog.
             Succumbed to a kobold's poison
             ... while paralysed by Grinder
             ... on level 3 of the Dungeon on Dec 19, 2015.
             The game lasted 00:06:11 (1590 turns).

lucasterio the Cudgeler (Demonspawn Berserker)      Turns: 1590, Time: 00:06:11

Health: -2/35      AC:  6    Str: 19    XL:     4   Next: 30%
Magic:  4/4        EV:  2    Int:  8    God:    Trog [**....]
Gold:   113        SH:  0    Dex: 16    Spells: 0 memorised, 3 levels left

rFire  . . .     SeeInvis .     a - +0 mace
rCold  . . .     Clarity  .     g - +1 ring mail
rNeg   + . .     SustAt   .     (no shield)
rPois  .         Gourm    .     (no helmet)
rElec  .         Spirit   .     (no cloak)
rCorr  .         Warding  .     (no gloves)
rMut   .         Stasis   .     (no boots)
MR     .....                    (no amulet)
Stlth  +.........               t - ring of positive energy
                                e - +4 ring of dexterity

@: paralysed, lethally poisoned (-2 -> -53), exhausted, slowed, not resistant to
hostile enchantments, very unstealthy
A: talons 1
a: Berserk, Trog's Hand, Burn Spellbooks, Renounce Religion


You were on level 3 of the Dungeon.
You worshipped Trog.
Trog was pleased with you.
You were very hungry.

You visited 1 branch of the dungeon, and saw 3 of its levels.

You collected 113 gold pieces.

Inventory:

Hand Weapons
 a - a +0 mace (weapon)
Missiles
 j - 64 arrows
Armour
 g - a +1 ring mail (worn)
Jewellery
 e - a +4 ring of dexterity (left hand)
 s - an uncursed ring of protection from fire
 t - a ring of positive energy (right hand)
Scrolls
 b - a scroll of amnesia {unknown}
 f - 3 scrolls of identify {unknown}
 h - 2 scrolls of teleportation {unknown}
 l - a scroll of enchant weapon {unknown}
Potions
 d - a potion of ambrosia {unknown}
 i - a potion of flight {unknown}
 m - a potion of cancellation {unknown}
 n - a potion of poison {unknown}
 p - a potion of might {unknown}
 r - 2 potions of curing {unknown}
Comestibles
 c - 3 bread rations
 k - 3 chunks of flesh
 o - 2 meat rations


   Skills:
 - Level 3.0 Fighting
 * Level 4.3 Maces & Flails
 + Level 2.5 Armour
 - Level 1.7 Dodging


You had 3 spell levels left.
You didn't know any spells.

Dungeon Overview and Level Annotations

Branches:
Dungeon (3/15)

Altars:

Annotations:
D:3 Grinder


Innate Abilities, Weirdness & Mutations

You have sharp toenails.


Message History

* * * LOW HITPOINT WARNING * * *
You feel sick. Grinder gestures at you.
You suddenly lose the ability to move!
The kobold shoots a poisoned needle.
The poisoned needle hits you!
You are more poisoned.
The kobold shoots a poisoned needle.
The poisoned needle hits you!
You are more poisoned.
* * * LOW HITPOINT WARNING * * *
You feel very sick.
The orc wizard hits you but does no damage.
The kobold shoots a poisoned needle.
The poisoned needle hits you!
You are more poisoned.
* * * LOW HITPOINT WARNING * * *
You feel very sick. The orc hits you but does no damage.
The orc wizard hits you but does no damage.
The kobold shoots a poisoned needle.
The poisoned needle hits you!
You are more poisoned.
You die...

### s ...
o##. # #.#
#.#.#
#.........
#.#.#.#.#.#
#...o......
#.#o#r#.#.#
#5oo......
##@#.#.#.#
#.........
>>#.#.#.#.#
#.#...?.....
# # #.#
#.#.# K#.
.... . . ...
. . ..


You could see Grinder, an orc wizard, 3 orcs, a kobold and a rat.

Vanquished Creatures
  A gnoll (D:1)
  2 adders (D:2)
  An ooze (D:1)
  A worm (D:2)
  An orc (D:3)
  5 bats
  5 giant cockroaches
  5 goblins
  9 hobgoblins
  9 kobolds
  3 giant newts
  4 jackals (D:2)
  5 rats
51 creatures vanquished.

Notes
Turn   | Place    | Note
--------------------------------------------------------------
     0 | D:1      | lucasterio the Demonspawn Berserker began the quest for the Orb.
     0 | D:1      | Reached XP level 1. HP: 18/18 MP: 1/1
   127 | D:1      | Gained mutation: You have sharp toenails. [demonic ancestry]
   127 | D:1      | Reached XP level 2. HP: 24/24 MP: 2/2
   537 | D:1      | Reached XP level 3. HP: 29/29 MP: 3/3
   684 | D:1      | Reached ** piety under Trog
  1101 | D:2      | Reached skill level 4 in Maces & Flails
  1370 | D:2      | Reached XP level 4. HP: 35/35 MP: 4/4
  1576 | D:3      | Noticed Grinder
  1587 | D:3      | Paralysed by Grinder for 4 turns
  1590 | D:3      | Succumbed to a kobold's poison

Action                   |  1- 3 |  4- 6 || total
-------------------------+-------+-------++-------
Melee: Mace              |   113 |    33 ||   146
Invok: Berserk           |     2 |     1 ||     3
  Use: Scroll            |     2 |     1 ||     3
  Eat: Chunk             |     3 |     1 ||     4
